 Dungeon Crawl Stone Soup version 0.21.1-1-g345015f (webtiles) character file.

44545 kaesh the Basher (level 13, -7/183 HPs)
             Began as a Troll Berserker on Mar 16, 2018.
             Was the Champion of Trog.
             Mangled by a death yak (20 damage)
             ... on level 5 of the Lair of Beasts.
             The game lasted 01:08:08 (15514 turns).

kaesh the Basher (Troll Berserker)                 Turns: 15514, Time: 01:08:08

Health: -7/183     AC:  9    Str: 43    XL:     13   Next: 96%
Magic:  12/12      EV: 14    Int:  7    God:    Trog [******]
Gold:   1114       SH:  0    Dex:  9    Spells: 12/12 levels left

rFire    + + .     SeeInvis .   p - +3 morningstar (freeze)
rCold    + + .     Gourm    +   (no shield)
rNeg     + . .     Faith    .   i - +2 robe {rF+}
rPois    .         Spirit   .   u - +1 hat
rElec    .         Reflect  .   J - +0 cloak
rCorr    .         Harm     .   (gloves unavailable)
MR       +....                  (boots unavailable)
Stlth    ..........             F - macabre finger necklace {rN+}
HPRegen  0.80/turn              D - ring of protection from fire
MPRegen  0.13/turn              y - ring "Jipnukhly" {rC+ Str+4 Int+4 Stlth+}
                                w - ring of protection from magic

@: berserking, very quick
A: large, unfitting armour, claws 3, talons 1, cold resistance 1, fast
metabolism 3, frail 1, gourmand, regeneration 1, shaggy fur 1, strong 1, tough
skin 2
a: Berserk, Trog's Hand, Brothers in Arms, Burn Spellbooks, Renounce Religion


You were on level 5 of the Lair of Beasts.
You worshipped Trog.
Trog was exalted by your worship.
You were full.

You visited 2 branches of the dungeon, and saw 17 of its levels.
You also visited: Ossuary.

You collected 1114 gold pieces.

Inventory:

Hand Weapons
 p - a +3 morningstar of freezing (weapon)
 s - a +0 giant spiked club
 x - the +4 whip of the Bruised Princes {elec, rPois rF- Int+3}
   (You found it on level 7 of the Dungeon)

   Occasionally, upon striking a foe, it will discharge some electrical energy
   and cause terrible harm.
   It affects your intelligence (+3).
   It makes you vulnerable to fire.
   It protects you from poison.
 C - a +1 antimagic great mace
Armour
 i - a +2 robe of fire resistance (worn)
 q - a +0 troll leather armour
 u - a +1 hat (worn)
 J - a +0 cloak (worn)
 L - a +1 robe of cold resistance
Jewellery
 h - an uncursed amulet of regeneration
 w - a ring of protection from magic (on amulet)
 y - the ring "Jipnukhly" (right claw) {rC+ Str+4 Int+4 Stlth+}
   (You found it on level 8 of the Dungeon)

   [ring of protection from cold]

   It affects your strength (+4).
   It affects your intelligence (+4).
   It protects you from cold.
   It makes you more stealthy.
 D - a ring of protection from fire (left claw)
 F - the macabre finger necklace (around neck) {rN+}
   (You found it on level 1 of the Lair of Beasts)

   [amulet of nothing]

   It protects you from negative energy.
 H - an uncursed ring of see invisible
 K - an uncursed ring of ice
Wands
 a - a wand of clouds (3)
 b - a wand of flame (30)
 n - a wand of polymorph (8)
 o - a wand of random effects (28)
Scrolls
 d - 13 scrolls of teleportation
 e - 11 scrolls of identify
 g - 3 scrolls of magic mapping
 j - 6 scrolls of enchant weapon
 l - 7 scrolls of remove curse
 m - 3 scrolls of fog
 A - 2 scrolls of enchant armour
 G - 2 scrolls of fear
 I - a scroll of blinking
Potions
 f - 2 potions of invisibility
 k - 6 potions of curing
 r - 5 potions of might
 t - 2 potions of berserk rage
 v - a potion of resistance
 z - 9 potions of heal wounds
 B - 3 potions of haste
 E - a potion of ambrosia
Comestibles
 c - 35 rations


   Skills:
 + Level 10.9 Fighting
 + Level 14.7 Maces & Flails
 + Level 10.1 Dodging
 + Level 4.3 Stealth


You had 12 spell levels left.
You didn't know any spells.

Dungeon Overview and Level Annotations

Branches:
Dungeon (12/15)            Temple (0/1) D:5            Lair (5/6) D:11
  Swamp (0/4) Lair:3       Spider (0/4) Lair:3          Orc (0/2) D:10
  Slime: Lair:5-6

Altars:
Dithmenos
Nemelex Xobeh
Sif Muna
Trog
Wu Jian
Yredelemnul
The Shining One
Beogh

Shops:
D:7 =   D:8 =

Annotations:
Lair:1 exclusion: 2 oklob plants


Innate Abilities, Weirdness & Mutations

You are too large for most types of armour.
You have claws for hands.
Your metabolism is lightning-fast.
You like to eat raw meat.
Your natural rate of healing is unusually fast.
You are covered in fur. (AC +1)
You have very tough skin. (AC +2)
You have sharp toenails.
Your flesh is cold resistant. (rC+)
You are frail. (-10% HP)
Your muscles are strong. (Str +2)


Message History

You hit the death yak. You freeze the death yak. You claw the death yak.
The death yak is heavily wounded.
The death yak gores you!!
* * * LOW HITPOINT WARNING * * *
You hit the death yak. You freeze the death yak.
You claw the death yak, but do no damage.
The death yak is severely wounded.
The death yak gores you but does no damage.
The death yak gores you!
* * * LOW HITPOINT WARNING * * *
You are too berserk!
You spit the death yak like a pig!!! You freeze the death yak.
You kill the death yak!
Trog accepts your kill. The death yak closely misses you.
You are too berserk!
You impale the death yak!! You freeze the death yak! You claw the death yak.
The death yak is heavily wounded.
The death yak gores you!!
You die...

##............
.............
#....P.......
#............
#..P.........
###.....%......
##......Y..#...#
.......@Y......#
.<...#.##.#.###.
... ## ... .
..## .#. .... .#
.. .. ...


You could see 2 death yaks.

Vanquished Creatures
  The ghost of Ratty the Markscentaur, a journeyman CeHu of Okawaru (Lair:1)
  Fannar (Lair:3)
  4 hydras
  The ghost of azzavlup the Cleaver, a novice HOBe of Trog (D:9)
  A centaur warrior (D:10)
  3 two-headed ogres
  The ghost of jazmu the Fighter, a novice DsMo of Okawaru (D:10)
  16 death yaks
  Sonja (Lair:2)
  4 black mambas
  5 spiny frogs
  2 kobold demonologists (D:9)
  A rime drake (Lair:4)
  2 komodo dragons
  3 polar bears (Lair:4)
  A jumping spider (Lair:3)
  A queen bee (D:11)
  9 blink frogs
  4 trolls
  9 hippogriffs
  Sigmund (D:2)
  A shadow (D:11)
  A wyvern (D:11)
  Eustachio (D:6)
  29 yaks
  A fire elemental (Lair:3)
  A basilisk (Lair:1)
  A hungry ghost (D:7)
  10 porcupines
  8 water moccasins
  A swamp drake (D:10)
  A black bear (D:10)
  6 ice beasts
  10 orc warriors
  An eye of draining (D:8)
  2 sky beasts (D:8)
  11 ogres
  4 phantoms
  3 necrophages
  8 crocodiles
  7 centaurs
  5 big kobolds
  14 bullfrogs
  2 gnoll sergeants
  5 scorpions
  A wyvern skeleton (D:7)
  14 killer bees (D:11)
  5 wights (D:6)
  6 howler monkeys
  An electric eel (Lair:4)
  3 crimson imps
  A bullfrog zombie (D:11)
  2 lava snakes (Lair:3)
  3 centaur zombies
  A human zombie (Ossuary)
  A jelly (D:5)
  12 orc priests
  A quasit (D:11)
  5 hounds
  16 orc wizards
  Jessica (D:3)
  Natasha (thrice) (D:3)
  Terence (D:3)
  3 iguanas
  7 worker ants
  2 hound skeletons
  A hound zombie (D:7)
  3 mummies
  A worker ant zombie (D:10)
  Robin (D:3)
  18 adders
  16 gnolls
  2 howler monkey skeletons
  2 shadow imps
  3 oozes
  An adder zombie (Ossuary)
  A worm (D:3)
  4 dart slugs
  3 leopard geckos
  61 orcs
  5 bats
  5 giant cockroaches
  14 goblins
  13 hobgoblins
  5 jackals
  25 kobolds
  3 quokkas
  4 ball pythons
  9 frilled lizards
  2 goblin zombies (Ossuary)
  8 hobgoblin zombies (Ossuary)
  2 jackal skeletons (D:5)
  A jackal zombie (Ossuary)
  12 kobold zombies (Ossuary)
  9 orc zombies (Ossuary)
  13 rats
  2 rat zombies (Ossuary)
  A fungus (Lair:3)
  A plant (Lair:4)
544 creatures vanquished.

Vanquished Creatures (collateral kills)
  A cyclops (D:11)
  A shadow (D:11)
  A porcupine (D:11)
  A centaur (D:11)
  A howler monkey (D:11)
  A hell rat (D:11)
  An orc (D:7)
  A quokka (D:11)
  A rat (D:11)
9 creatures vanquished.

Vanquished Creatures (others)
  2 fungi (Lair:4)
  A plant (Lair:1)
3 creatures vanquished.

Grand Total: 556 creatures vanquished

Notes
Turn   | Place    | Note
-------+----------+-------------------------------------------
     0 | D:1      | kaesh the Troll Berserker began the quest for the Orb.
     0 | D:1      | Reached XP level 1. HP: 22/22 MP: 0/0
   134 | D:1      | Reached XP level 2. HP: 29/29 MP: 1/1
   161 | D:1      | Reached skill level 3 in Maces & Flails
   308 | D:1      | Reached ** piety under Trog
   405 | D:1      | Reached XP level 3. HP: 33/36 MP: 2/2
  1095 | D:2      | Found a deep blue altar of Sif Muna.
  1134 | D:2      | Found a basalt altar of Yredelemnul.
  1134 | D:2      | Found an ornate altar of the Wu Jian Council.
  1178 | D:2      | Noticed Sigmund
  1189 | D:2      | Killed Sigmund
  1189 | D:2      | Reached skill level 4 in Maces & Flails
  1189 | D:2      | Reached XP level 4. HP: 44/45 MP: 3/3
  1189 | D:2      | Reached XP level 5. HP: 52/53 MP: 4/4
  1565 | D:2      | Gained mutation: You are frail. (-10% HP) [potion of mutation]
  1565 | D:2      | Gained mutation: Your muscles are strong. (Str +2) [potion of mutation]
  1565 | D:2      | Gained mutation: You have sharp toenails. [potion of mutation]
  1565 | D:2      | Gained mutation: Your flesh is cold resistant. (rC+) [potion of mutation]
  1830 | D:3      | Noticed Natasha
  1837 | D:3      | Killed Natasha
  1837 | D:3      | Reached XP level 6. HP: 52/54 MP: 5/5
  1877 | D:3      | Noticed Terence
  1890 | D:3      | Killed Terence
  1918 | D:3      | Noticed Robin
  1999 | D:3      | Noticed Jessica
  2005 | D:3      | Killed Jessica
  2052 | D:3      | Reached skill level 5 in Maces & Flails
  2115 | D:3      | Noticed Natasha
  2117 | D:3      | Killed Natasha
  2256 | D:3      | Reached *** piety under Trog
  2342 | D:3      | Killed Robin
  2612 | D:3      | Noticed Natasha
  2619 | D:3      | Killed Natasha
  2756 | D:4      | Reached XP level 7. HP: 49/60 MP: 6/6
  3214 | D:4      | Reached skill level 1 in Stealth
  3219 | D:4      | HP: 4/90 [gnoll/scythe (13)]
  3653 | D:5      | Entered Level 5 of the Dungeon
  3747 | D:5      | Reached skill level 6 in Maces & Flails
  3750 | D:5      | Noticed a two-headed ogre
  3758 | D:5      | Killed a two-headed ogre
  3758 | D:5      | Reached skill level 7 in Maces & Flails
  3758 | D:5      | Reached XP level 8. HP: 70/70 MP: 7/7
  3886 | D:5      | Reached skill level 5 in Dodging
  4062 | D:5      | Found a sand-covered staircase.
  4072 | Ossuary  | Entered an ossuary
  4122 | Ossuary  | Reached **** piety under Trog
  4216 | Ossuary  | Reached skill level 8 in Maces & Flails
  4267 | Ossuary  | Received a gift from Trog
  4495 | D:5      | Found a bloodstained altar of Trog.
  4538 | D:5      | Found a staircase to the Ecumenical Temple.
  4977 | D:6      | Reached XP level 9. HP: 78/78 MP: 8/8
  5128 | D:6      | Reached skill level 5 in Fighting
  5253 | D:6      | Found a sparkling altar of Nemelex Xobeh.
  5265 | D:6      | Reached skill level 9 in Maces & Flails
  5351 | D:6      | Noticed Eustachio
  5370 | D:6      | Killed Eustachio
  5370 | D:6      | Reached ***** piety under Trog
  5761 | D:7      | Found Poiker's Jewellery Emporium.
  5865 | D:7      | Reached skill level 10 in Maces & Flails
  5949 | D:7      | Reached XP level 10. HP: 64/87 MP: 9/9
  5971 | D:7      | Found a glowing golden altar of the Shining One.
  6097 | D:7      | Got a twisted whip
  6098 | D:7      | Identified the +4 whip of the Bruised Princes {elec, rPois rF- Int+3} (You found it on level 7 of the Dungeon)
  6278 | D:7      | Found a shadowy altar of Dithmenos.
  6469 | D:8      | Reached skill level 11 in Maces & Flails
  6493 | D:8      | Got a glittering turquoise ring
  6494 | D:8      | Identified the ring "Jipnukhly" {rC+ Str+4 Int+4 Stlth+} (You found it on level 8 of the Dungeon)
  6540 | D:8      | Found Fygius's Jewellery Boutique.
  6848 | D:9      | Noticed azzavlup's ghost (novice HOBe)
  7173 | D:9      | Killed azzavlup's ghost
  7364 | D:9      | Noticed a two-headed ogre
  7373 | D:9      | Killed a two-headed ogre
  7373 | D:9      | Reached XP level 11. HP: 49/96 MP: 10/10
  7552 | D:9      | Found a roughly hewn altar of Beogh.
  7595 | D:9      | Reached ****** piety under Trog
  7634 | D:9      | Reached skill level 12 in Maces & Flails
  7982 | D:10     | Entered Level 10 of the Dungeon
  8064 | D:10     | Received a gift from Trog
  8170 | D:10     | Noticed a two-headed ogre
  8176 | D:10     | Killed a two-headed ogre
  8498 | D:10     | Noticed jazmu's ghost (novice DsMo)
  8511 | D:10     | Killed jazmu's ghost
  8532 | D:10     | Noticed a centaur warrior
  8550 | D:10     | Killed a centaur warrior
  8721 | D:10     | Found a staircase to the Orcish Mines.
  9211 | D:11     | Noticed a death yak
  9212 | D:11     | Noticed a death yak
  9212 | D:11     | Noticed a four-headed hydra
  9229 | D:11     | Killed a four-headed hydra
  9233 | D:11     | Noticed a death yak
  9237 | D:11     | Killed a death yak
  9241 | D:11     | Killed a death yak
  9241 | D:11     | Reached XP level 12. HP: 64/108 MP: 11/11
  9243 | D:11     | Killed a death yak
  9395 | D:11     | Found a staircase to the Lair.
  9416 | D:11     | Received a gift from Trog
  9532 | D:11     | Received a gift from Trog
  9559 | D:11     | Reached skill level 13 in Maces & Flails
 10347 | Lair:1   | Entered Level 1 of the Lair of Beasts
 10350 | Lair:1   | Noticed Ratty's ghost (journeyman CeHu)
 10366 | Lair:1   | Killed Ratty's ghost
 10791 | Lair:1   | Found the macabre finger necklace {rN+}
 11678 | Lair:2   | Noticed Sonja
 11697 | Lair:2   | Killed Sonja
 12129 | Lair:2   | Reached XP level 13. HP: 117/117 MP: 12/12
 12447 | Lair:2   | Got a scorched scythe
 12448 | Lair:2   | Identified the cursed +1 scythe of Annihilation {drain, Dex+2} (You found it on level 2 of the Lair of Beasts)
 12634 | Lair:3   | Noticed Fannar
 12741 | Lair:3   | Killed Fannar
 12969 | Lair:3   | Found a hole to the Spider Nest.
 13004 | Lair:3   | Reached skill level 10 in Fighting
 13015 | Lair:3   | Reached skill level 14 in Maces & Flails
 13686 | Lair:3   | Received a gift from Trog
 13868 | Lair:3   | Found a staircase to the Swamp.
 14676 | Lair:4   | Reached skill level 10 in Dodging
 15514 | Lair:5   | Mangled by a death yak

Skill      XL: |  1  2  3  4  5  6  7  8  9 10 11 12 13 |
---------------+----------------------------------------+-----
Maces & Flails | 3 4 5 7 8 10 11 12 13 14 | 14.7
Dodging        | 3 4 5 6 8 10 | 10.1
Fighting       | 3 4 5 6 8 9 10 | 10.9
Stealth        | 1 2 3 4 |  4.3

Action                   |  1- 3 |  4- 6 |  7- 9 | 10-12 | 13-15 || total
-------------------------+-------+-------+-------+-------+-------++-------
Melee: Mace              |   113 |   124 |   291 |       |       ||   528
       Kick              |       |    26 |   128 |   280 |   108 ||   542
       Morningstar       |       |       |   105 |   121 |   145 ||   371
       Whip              |       |       |       |   661 |   120 ||   781
Invok: Berserk           |     1 |     1 |     5 |     8 |     5 ||    20
       Burn Spellbooks   |       |       |     1 |     2 |       ||     3
       Brothers in Arms  |       |       |       |     1 |       ||     1
  Use: Scroll            |     3 |     3 |     7 |     5 |     2 ||    20
       Potion            |     2 |     3 |     4 |     3 |     2 ||    14
 Stab: Sleeping          |       |       |     3 |     7 |     1 ||    11
       Distracted        |       |       |       |       |     1 ||     1
  Eat: Chunk             |    17 |    17 |    30 |    60 |    32 ||   156
       Ration            |       |       |     2 |       |     1 ||     3
Armor: Animal skin       |    60 |    24 |       |       |       ||    84
       Robe              |       |    19 |   110 |   151 |    55 ||   335
Dodge: Dodged            |    84 |    78 |   217 |   283 |   151 ||   813
